 Dungeon Crawl Stone Soup version 0.28-a0-500-g121bc3e445 (webtiles) character file.

Game seed: 355021948649959963

126 Demosthentine the Poker (level 5, -3/41 HPs)
             Began as a Merfolk Gladiator on Sept 20, 2021.
             Was a Believer of Elyvilon.
             Killed from afar by Blork the orc (8 damage)
             ... with a puff of frost
             ... on level 4 of the Dungeon.
             The game lasted 00:01:48 (3520 turns).

Demosthentine the Poker (Merfolk Gladiator)         Turns: 3520, Time: 00:01:48

Health: -3/41      AC:  4    Str: 16    XL:     5   Next: 9%
Magic:  5/5        EV: 14    Int:  7    God:    Elyvilon [**....]
Gold:   126        SH:  0    Dex: 15    Spells: 4/4 levels left

rFire   . . .      SeeInvis .   a - +0 trident
rCold   . . .      Faith    .   (no shield)
rNeg    . . .      Spirit   .   b - +0 leather armour
rPois   .          Reflect  .   c - +0 helmet
rElec   .          Harm     .   (no cloak)
rCorr   .          Rampage  .   (no gloves)
Will    .....                   (no boots)
Stlth   +.........              (no amulet)
HPRegen 0.13/turn               (no ring)
MPRegen 0.09/turn               (no ring)

@: no status effects
A: (nimble swimmer 2), mertail
a: Renounce Religion, Lesser Healing, Heal Other, Divine Protection


You were on level 4 of the Dungeon.
You worshipped Elyvilon.
Elyvilon was pleased with you.
You visited 1 branch of the dungeon, and saw 4 of its levels.

You collected 126 gold pieces.

Inventory:

Hand Weapons
 a - a +0 trident (weapon)
Missiles
 d - 2 throwing nets (quivered)
Armour
 b - a +0 leather armour (worn)
 c - a +0 helmet (worn)
Scrolls
 f - a scroll of magic mapping {unknown}
 g - a scroll of teleportation
 i - a scroll of amnesia {unknown}
Potions
 e - a potion of invisibility
 h - 2 potions of haste


   Skills:
 + Level 3.3 Fighting
 + Level 5.6 Polearms
 - Level 2.0 Throwing
 + Level 1.4 Armour
 + Level 5.1 Dodging


You had 4 spell levels left.
You didn't know any spells.
Your spell library contained the following spells:

 Spells                   Type           Power      Damage    Failure   Level
 Freeze                   Ice            0%         1d3       50%         1
 Corpse Rot               Necr/Air       N/A        N/A       65%         2
 Ensorcelled Hibernation  Hex/Ice        0%         N/A       65%         2
 Poisonous Vapours        Pois/Air       0%         N/A       65%         2
 Slow                     Hex            0%         N/A       65%         2
 Frozen Ramparts          Ice            0%         1d2       86%         3
 Hailstorm                Conj/Ice       0%         3d3       99%         4
 Silence                  Hex/Air        0%         N/A       100%        5
 Yara's Violent Unravell  Hex/Tmut       0%         3d3       100%        5
 Invisibility             Hex            0%         N/A       100%        6


Dungeon Overview and Level Annotations

Branches:
Dungeon (4/15)
 Temple: D:4-7

Altars:
Elyvilon

Shops:
D:2 [

Annotations:
D:4 Blork the orc


Innate Abilities, Weirdness & Mutations

((You are quick and stealthy near water. (Stealth+, EV+, Speed+++)))
Your lower body shifts to a powerful aquatic tail in water.


Message History

No target in view!
Blork the orc comes into view.
He is wielding a +3 vorpal long sword.
Blork the orc points at you and mumbles some strange words.
The puff of flame hits you.
Found 22 stones.
You see here a +0 quarterstaff.
Blork the orc is nearby!
You reach to attack!
You hit Blork the orc but do no damage.
Blork the orc is nearby!
You reach to attack!
You puncture Blork the orc!
Blork the orc is moderately wounded.
Blork the orc screams, "I'll rip your head off!"
Blork the orc hits you with a +3 vorpal long sword!
You hit Blork the orc.
Blork the orc is heavily wounded.
Blork the orc points at you and mumbles some strange words.
The puff of flame hits you.
Blork the orc is nearby!
You are too injured to fight recklessly!
You are too injured to fight recklessly!
You are too injured to fight recklessly!
You are too injured to fight recklessly!
You barely miss Blork the orc.
Blork the orc is heavily wounded.
Blork the orc hits you with a +3 vorpal long sword.
You hit Blork the orc.
Blork the orc is heavily wounded.
Blork the orc hits you with a +3 vorpal long sword!
* * * LOW HITPOINT WARNING * * *
x2 Throw: 3 throwing nets
Press: ? - help, Q - select action, (/) - cycle Shift-Dir - straight line, f/p - Blork the orc
Aim: Blork the orc, wielding a +3 vorpal long sword and wearing a +0 robe (heavily wounded, 64% to hit)
You throw a throwing net. The throwing net hits Blork the orc.
Blork the orc is caught in the net!
Blork the orc is heavily wounded.
You hit Blork the orc but do no damage.
Blork the orc is heavily wounded.
Blork the orc casts a spell at you. The puff of frost hits you!
You die...

.....................####.###
###........>...............#
####......######.######..##
#......## #.# #...# #.......#
#.# #.#.# #.#.....# #.# #.#..
#.#####.# #. ..##. #. #.#
#..##. #@# #..### .......o#
....## #.#...... ... +.
#....... ## #.......(
........### .........#
.........#


You could see Blork the orc (caught).

Vanquished Creatures
  A bullfrog skeleton (D:4)
  2 adders
  An adder skeleton (D:4)
  3 worms
  2 dart slugs (D:1)
  An orc (D:3)
  3 giant cockroaches
  9 goblins
  5 hobgoblins
  8 jackals
  2 quokkas
  5 ball pythons
  A bat (D:1)
  3 frilled lizards (D:2)
  8 kobolds
  6 rats
60 creatures vanquished.

Notes
Turn   | Place    | Note
-------+----------+-------------------------------------------
     0 | D:1      | Demosthentine the Merfolk Gladiator began the quest for the
                  | Orb.
     0 | D:1      | Reached XP level 1. HP: 16/16 MP: 1/1
    93 | D:1      | Reached XP level 2. HP: 16/23 MP: 2/2
   371 | D:1      | Got the Compendium of Poor Excuses
  1208 | D:1      | Reached XP level 3. HP: 28/28 MP: 3/3
  1499 | D:2      | Reached skill level 5 in Polearms
  1641 | D:2      | Reached skill level 1 in Armour
  1691 | D:2      | Found a white marble altar of Elyvilon.
  1719 | D:2      | Became a worshipper of Elyvilon the Healer
  1947 | D:2      | Found a faded altar of an unknown god.
  2086 | D:2      | Reached XP level 4. HP: 35/35 MP: 4/4
  2178 | D:2      | Found Ejut's Antique Armour Shop.
  2518 | D:3      | Reached * piety under Elyvilon
  3059 | D:3      | Reached ** piety under Elyvilon
  3122 | D:4      | Reached skill level 5 in Dodging
  3252 | D:4      | Reached XP level 5. HP: 38/41 MP: 5/5
  3360 | D:4      | Identified the +0 whip of the Silent Majority {vorpal,
                  | *Rage rCorr Int-4 Dex+3}
  3511 | D:4      | Noticed Blork the orc
  3520 | D:4      | Killed from afar by Blork the orc

Illustrated notes

Levels and vault maps discovered:
D:1:      sevenhm_arrival_forest_fort_small_4, layout_basic,
          grunt_decor_arrowhead, minmay_liquid_box, nrook_mini_vaults,
          st_stairs_5
D:2:      layout_loops_corners, serial_shops, shop, basic_altar,
          basic_ecumenical_altar
D:3:      layout_rooms
D:4:      layout_basic, uniq_blork_the_orc

Skill      XL: |  1  2  3  4 |
---------------+-------------+-----
Polearms       | 5 |  5.6
Armour         | 1 |  1.4
Fighting       | 3 |  3.3
Dodging        | 5 |  5.1
Throwing       | |  2.0

Action                   |  1- 3 |  4- 6 || total
-------------------------+-------+-------++-------
Melee: Trident           |   126 |    83 ||   209
Throw: Throwing net      |       |     1 ||     1
  Use: Scroll            |     1 |     4 ||     5
 Stab: Sleeping          |     2 |     4 ||     6
Armor: Leather armour    |    31 |    13 ||    44
Dodge: Dodged            |    68 |    30 ||    98

Table legend: (Time is in decaauts)
 A = Elapsed time spent in this place.
 B = Non-inter-level travel time spent in this place.
 C = Inter-level travel time spent in this place.
 D = Time resting spent in this place.
 E = Time spent auto-exploring this place.
 F = Levels seen in this place.
 G = Mean time per level.
                   A        B        C        D        E       F      G
               +--------+--------+--------+--------+--------+-----+--------+
         Total |   3528 |   3477 |     51 |      0 |   3027 |   4 |  882.0 |
       Dungeon |   3528 |   3477 |     51 |      0 |   3027 |   4 |  882.0 |
               +--------+--------+--------+--------+--------+-----+--------+

Top non-repeatable levels by time:
     D:1: 1424 daAuts
     D:2: 1093 daAuts
     D:3: 593 daAuts
     D:4: 417 daAuts
